[Event "*** Titled Tuesday 3|2 Blitz"]
[Site "Chess.com"]
[Date "2016.07.05"]
[Round "3"]
[White "destroyer305"]
[Black "Viaje"]
[Result "0-1"]
[WhiteElo "2200"]
[BlackElo "2125"]
[TimeControl "180+2"]
[EndTime "17:36:26 PDT"]
[Termination "Viaje won by checkmate"]

1. e4 c5 2. d4 cxd4 3. c3 Nf6 4. e5 Nd5 5. Nf3 e6 6. cxd4 b6 7. a3 Bb7 8. Bd3 d6 9. Ng5 g6 10. Qf3 Qe7 11. exd6 Qd7 12. Ne4 Bg7 13. Nbc3 Bxd4 14.
Nxd5 Bxd5 15. Nf6+ Bxf6 16. Qxf6 Rg8 17. Bf4 Bxg2 18.
Rc1 Nc6 19. Rg1 Bd5 20. Bb5 Rc8 21. Rg5 Qd8 22. Qc3 f5 23. Rg3 Kf7 24. Qd2 Qf6 25.
Bg5 Qe5+ 26. Kf1 Qxd6 27. Qe3 Qe5 28. Qd2 Nd4 29. Re1 Qg7 30. Bd3 Rge8 31. Bb1 Nc6 32. Bh6 Qf6 33. Bg5 Qh8 34. Bh6 Qd4 35. Qg5 Qxb2 36.
Qh4 Qd4 37. Bg5 Qxh4 38. Bxh4 Nd4 39. Bg5 e5 40. Rh3 h5 41. Rg3 e4 42. Be3 Nf3 43.
Rd1 Be6 44. h3 Red8 45. Rxd8 Rxd8 46. Kg2 Rd1 47. Bc2 Rg1# 0-1

[Event "*** Titled Tuesday 3|2 Blitz"]
[Site "Chess.com"]
[Date "2016.07.05"]
[Round "3"]
[White "DiamondCrusher22"]
[Black "proxy6"]
[Result "0-1"]
[WhiteElo "1847"]
[BlackElo "1922"]
[TimeControl "180+2"]
[EndTime "17:36:35 PDT"]
[Termination "proxy6 won on time"]

1. e4 c5 2. Nf3 d6 3. c3 Nf6 4.
Be2 Bd7 5. d3 g6 6. O-O Bg7 7.
Re1 O-O 8. Nbd2 Nc6 9. Bf1 Rb8 10.
a4 a6 11. e5 dxe5 12. Nxe5 Nxe5 13. Rxe5 b6 14. Re1 Be6 15. h3 Qc7 16. Qc2 b5 17.
Nf3 Rfc8 18. Ng5 Bd5 19. c4 bxc4 20. dxc4 Bb7 21. Ra3 Rd8 22. Rae3 e6 23. Rb3 Bc6 24. Rxb8 Rxb8 25. b3 Qb7 26. Re3 Rd8 27. Rd3 Qc8 28.
Rxd8+ Qxd8 29. Qd3 Qxd3 30. Bxd3 h6 31. Nf3 Ne4 32.
Nd2 Nc3 33. Ba3 Bd4 34. Kf1 Nd1 35. Be4 Bd7 36. f4 Nc3 37. Bf3 Kf8 38. a5 Bc8 39.
Ne4 Nxe4 40. Bxe4 f5 41. Bc6 Ke7 42. b4 cxb4 43. Bxb4+ Kd8 44. Bd6 Bc3 45. Bf8 h5 46. Ke2 Bxa5 47. Kd3 Bc7 48. Kd4 Bxf4 49. Kc5 a5 50.
Kb5 Bc7 51. c5 Bd7 0-1

[Event "*** Titled Tuesday 3|2 Blitz"]
[Site "Chess.com"]
[Date "2016.07.05"]
[Round "3"]
[White "SwiftyMcBishop"]
[Black "Alliswell998"]
[Result "1/2-1/2"]
[WhiteElo "2057"]
[BlackElo "2173"]
[TimeControl "180+2"]
[EndTime "17:36:43 PDT"]
[Termination "Game drawn by repetition"]

1. e4 c5 2. Nf3 d6 3. c3 Nf6 4. h3 Nc6 5. Bd3 g6 6. Bc2 Bg7 7. d4 cxd4 8. cxd4 O-O 9. Nc3 b6 10.
O-O Bb7 11. Re1 Rc8 12. Qe2 Qc7 13. Bf4 Nh5 14. Be3 Qb8 15. Rad1 a6 16. a3 b5 17. Nd5 e6 18. Nb6 Rcd8 19. Bb3 Na5 20. Ba2 Bxe4 21. d5 exd5 22. Nxd5 Nf6 23. Bg5 Bxd5 24. Bxf6 Bxf6 25. Bxd5 Rfe8 26. Qd2 Nc4 27. Bxc4 bxc4 28. Rxe8+ Rxe8 29. Qxd6 Qxd6 30. Rxd6 Bxb2 31. Rxa6 Rc8 32. Ne1 c3 33. Nc2 Rd8 34. Rc6 Rd1+ 35. Kh2 Rc1 36. Ne3 Bxa3 37. Nd5 c2 38. Ne3 Bd6+ 39.
g3 Kg7 40. Rxc2 Ra1 41. Rd2 Be5 42. Re2 f5 43. Nxf5+ gxf5 44. Rxe5 Kf6 45. Re3 Ra2 46. Kg2 Kg5 47. Rf3 Rb2 48. h4+ Kg6 49. h5+ Kg5 50. Rf4 h6 51. Rh4 Ra2 52. Rf4 Ra5 53. Rh4 Rb5 54. Kf3 Rb3+ 55. Kg2 Rb2 56. Kf3 Rb3+ 57. Kg2 Rb2 58. Kf3 Ra2 59. Kg2 Rb2 60. Kf3 1/2-1/2

[Event "*** Titled Tuesday 3|2 Blitz"]
[Site "Chess.com"]
[Date "2016.07.05"]
[Round "3"]
[White "simplerXiao"]
[Black "oskariot"]
[Result "0-1"]
[WhiteElo "2304"]
[BlackElo "2279"]
[TimeControl "180+2"]
[EndTime "17:37:04 PDT"]
[Termination "oskariot won by resignation"]

1. e4 c5 2. Nf3 d6 3. d4 cxd4 4. Nxd4 Nf6 5. Nc3 Nc6 6. Bc4 Qb6 7. Nxc6 bxc6 8. O-O g6 9. Bb3 Bg7 10. Kh1 O-O 11.
Be3 Qa5 12. Re1 Ng4 13. Qd3 Ba6 14. Qd2 Nxe3 15. Qxe3 c5 16. Bd5 Rab8 17. Rab1 Rxb2 18. Rxb2 Bxc3 19. Reb1 Bxb2 20. Rxb2 e6 21. Bc6 Rc8 22. Bd7 Rc7 23. Be8 Kg7 24. h4 h5 25. e5 Re7 26. Bc6 Qc7 27. Qf4 dxe5 28. Qf3 f5 29. Bb5 Bb7 30. Qc3 Qd6 31. Rb1 Qd4 32. Qg3 Qf4 33.
Qc3 Qxh4+ 34. Kg1 Qe4 35. Bf1 Qd4 36. Qa5 Be4 37. Rb8 Bxc2 38. Rd8 Rd7 39. Rc8 Bd3 40.
Bxd3 Qxd3 41. Qxc5 Qd1+ 42. Kh2 Qd6 43. Qc3 Qd4 44.
Qe1 Qh4+ 45. Kg1 Qd4 46. Kh2 h4 47. Rc3 e4 48. Qc1 Qd2 49. Qa3 Qf4+ 50. Kh3 Qg4+ 51.
Kh2 Qf4+ 52. Kh3 g5 53. Rc8 Rd3+ 0-1

[Event "*** Titled Tuesday 3|2 Blitz"]
[Site "Chess.com"]
[Date "2016.07.05"]
[Round "3"]
[White "AlexanderL"]
[Black "Journey_to_GrandMaster_YT"]
[Result "1-0"]
[WhiteElo "2542"]
[BlackElo "2427"]
[TimeControl "180+2"]
[EndTime "17:37:11 PDT"]
[Termination "AlexanderL won by resignation"]

1. d4 d6 2. c4 e5 3. Nc3 Nf6 4. Nf3 Nbd7 5. e4 Be7 6. g3 O-O 7.
Bg2 c6 8. O-O a6 9. a4 a5 10.
Re1 Re8 11. b3 Qb6 12. h3 Bf8 13. Be3 exd4 14. Nxd4 Nc5 15. Qc2 g6 16. Rab1 Bg7 17. Nde2 Be6 18. g4 Rad8 19. f4 Bc8 20. Ng3 Qc7 21.
Bxc5 dxc5 22. e5 Nd7 23. Nce4 Qb6 24. Nd6 Re7 25. Rbd1 Nf8 26. Nge4 Ne6 27. f5 Nd4 28. Rxd4 cxd4 29. f6 Rxe5 30. fxg7 Rxd6 31. c5 Qb4 32. Rf1 d3 33. Qf2 f5 34. Nxd6 Re2 35. Qg3 d2 36.
Nxc8 Qd4+ 37. Kh2 d1=Q 38. Rxd1 Qxd1 39. gxf5 gxf5 40. Qg5 Qd7 41. Nd6 Qxg7 42. Qxg7+ Kxg7 43. Nxf5+ Kf6 44. Nd6 Rb2 45. Nxb7 Rxb3 46. Bxc6 Rc3 47.
Bg2 Ke7 48. c6 Rc2 49. Nxa5 Kd6 50. Nb3 Kc7 51. Nd4 Ra2 52. Nb5+ Kc8 53. Kg3 Rxa4 54. Bf3 Ra3 55. Nxa3 Kc7 56. Nb5+ Kc8 57. Bg4+ 1-0

[Event "*** Titled Tuesday 3|2 Blitz"]
[Site "Chess.com"]
[Date "2016.07.05"]
[Round "3"]
[White "Boryboy"]
[Black "IamSchrodingersCat"]
[Result "1/2-1/2"]
[WhiteElo "2494"]
[BlackElo "2235"]
[TimeControl "180+2"]
[EndTime "17:37:28 PDT"]
[Termination "Game drawn - insufficient material"]

1. d4 Nf6 2. Nf3 g6 3. g3 Bg7 4. Bg2 O-O 5. O-O d6 6. a4 Nbd7 7. a5 a6 8. Nc3 e5 9. e4 exd4 10. Nxd4 Re8 11. Re1 Nc5 12. h3 h6 13. Ra3 Ne6 14.
Be3 Nc5 15. Bf4 Ne6 16. Nxe6 Rxe6 17. Qd2 Kh7 18. Kh2 Re8 19. e5 Nh5 20. Rb3 Nxf4 21. gxf4 Rb8 22. Rb4 dxe5 23. Qxd8 Rxd8 24. fxe5 Rd2 25.
Rc4 c6 26. Kg1 Rxc2 27. Rb4 Bf8 28. Rf4 Be6 29. Re2 Rxe2 30. Nxe2 Bg7 31. Re4 Bd5 32.
Re3 Bxg2 33. Kxg2 Rd8 34. Kf3 Rd5 35. e6 fxe6 36. Rxe6 Rxa5 37. Re7 Rb5 38. Nf4 Kg8 39. Ne6 Rf5+ 40. Kg2 Rf7 41. Re8+ Kh7 42. b4 g5 43. Rb8 Be5 44. Re8 Bg7 45. Nd8 Rd7 46. Ne6 Kg6 47.
Nc5 Rf7 48. Ne6 h5 49. f3 Rd7 50. Nc5 Rd2+ 51. Kf1 Bd4 52. Nxb7 Rf2+ 53. Ke1 Rxf3 54. Nd8 Re3+ 55. Rxe3 Bxe3 56. Nxc6 g4 57. hxg4 hxg4 58. Nb8 Bd4 59. Nxa6 Kf5 60. Kf1 Ke4 61. Kg2 Kd5 62. b5 Kc4 63. Nc7 Bb6 64. Ne6 Kxb5 65. Kg3 Bc7+ 66. Kxg4 Bf4 67. Kf5 Be5 68. Ke4 Bf4 69.
Kd5 Be5 70. Ng5 Bf4 71. Nf3 Be5 72. Ne1 Bf4 73. Nc2 Be5 74. Na3+ Kb4 75. Nc2+ Kb5 76. Ke4 Bd4 77. Kd3 Bc3 78. Ne3 Bd4 79. Nd5 Bc3 80. Nxc3+ 1/2-1/2

[Event "*** Titled Tuesday 3|2 Blitz"]
[Site "Chess.com"]
[Date "2016.07.05"]
[Round "3"]
[White "aripov96"]
[Black "Cayse"]
[Result "0-1"]
[WhiteElo "2280"]
[BlackElo "2577"]
[TimeControl "180+2"]
[EndTime "17:37:38 PDT"]
[Termination "Cayse won by resignation"]

1. c4 Nf6 2. Nc3 e5 3. g3 c6 4. Bg2 d5 5. cxd5 cxd5 6. d4 e4 7. Bg5 Nbd7 8. Nh3 h6 9. Bxf6 Nxf6 10.
O-O Bd6 11. e3 O-O 12. f3 exf3 13. Qxf3 Bg4 14. Qf2 Bb4 15. Nf4 Bxc3 16. bxc3 Rc8 17. Qb2 Rc7 18. Qb3 Rd7 19. c4 dxc4 20. Qxc4 Rc7 21.
Qa4 Qe7 22. Rae1 b6 23. Qb3 Rd8 24. Ng6 Qe6 25. Ne5 Qxb3 26. axb3 Be6 27. b4 Bd5 28. e4 Bc4 29. Nxc4 Rxc4 30. e5 Nd5 31. b5 Rxd4 32. e6 fxe6 33. Rxe6 Nf6 34. Bc6 Rc4 35. Re7 a5 36. Rb7 Rc2 37. Rf2 Rd1+ 38. Kg2 Rcc1 39. Rxb6 Rg1+ 40. Kf3 Rc3+ 41. Kf4 Rb1 42. Ra6 Re1 43.
Rd2 Kf7 44. Rxa5 g5+ 45. Kf5 Rc5+ 46. Bd5+ Nxd5 47. Ra7+ Ne7+ 48. Kg4 Rxb5 49. Rf2+ Kg7 50. Rc2 Rbe5 51. h4 R1e4+ 52. Kh3 g4+ 53. Kg2 Re2+ 54.
Rxe2 Rxe2+ 55. Kf1 Re4 56. Kf2 h5 57. Ra5 Kg6 58.
Rg5+ Kh6 59. Kf1 Ng6 60. Kf2 Re5 61. Rxe5 Nxe5 62. Ke3 Kg6 63. Kf4 Kf6 64. Ke4 Nf7 65. Kf4 Nh6 66. Ke4 Ng8 67. Kf4 Ne7 68. Ke4 Ng6 69. Ke3 Ke5 70. Kd3 Ne7 71. Ke3 Nf5+ 72. Kf2 Kd4 73. Kg2 Ke3 74. Kh2 Kf3 75. Kg1 Kxg3 76. Kh1 Kxh4 0-1

[Event "*** Titled Tuesday 3|2 Blitz"]
[Site "Chess.com"]
[Date "2016.07.05"]
[Round "3"]
[White "LonesomeGeorge1"]
[Black "AdrianaNikolova"]
[Result "0-1"]
[WhiteElo "2272"]
[BlackElo "2315"]
[TimeControl "180+2"]
[EndTime "17:37:38 PDT"]
[Termination "AdrianaNikolova won by checkmate"]

1. e4 c5 2. Nf3 Nc6 3. Bb5 d6 4. d4 cxd4 5. Qxd4 Bd7 6. Bxc6 Bxc6 7. Nc3 Nf6 8. Bg5 e6 9. O-O-O Be7 10. Qd3 O-O 11. Nd4 Qa5 12. f4 Rfd8 13. f5 e5 14. Nde2 b5 15. Kb1 b4 16. Bxf6 Bxf6 17. Nd5 Bg5 18. h4 Bxd5 19. Qxd5 Qxd5 20. Rxd5 Be3 21. Rhd1 Bc5 22. Nc1 a5 23. Nb3 Bf2 24. Nxa5 Bxh4 25. Nc6 Rdc8 26. Nxb4 Be7 27. c3 h5 28. Rh1 h4 29.
Rd3 Rc4 30. Nd5 Bd8 31. Re3 Rca4 32. a3 Kh7 33. f6 g5 34. g3 Kg6 35. gxh4 Bxf6 36.
h5+ Kg7 37. Nb6 Bd8 38. Nxa8 Rxa8 39. Rf3 f6 40. Rd3 Be7 41. Rd5 Ra4 42. Rb5 Kh6 43. Rb7 Bf8 44. Rb4 Ra5 45. Kc2 d5 46. Rb8 Bg7 47.
b4 Rxa3 48. exd5 f5 49. Rb6+ Kh7 50. h6 Bh8 51. Rb7+ Kg6 52. d6 e4 53. d7 Rxc3+ 54. Kd2 Rd3+ 55. Ke2 f4 56. Rc7 f3+ 57. Kf2 Bd4+ 58.
Ke1 Be5 59. h7 Bg3+ 60. Kf1 Rd1# 0-1

[Event "*** Titled Tuesday 3|2 Blitz"]
[Site "Chess.com"]
[Date "2016.07.05"]
[Round "3"]
[White "chessking2151"]
[Black "Indianlad"]
[Result "0-1"]
[WhiteElo "2341"]
[BlackElo "2574"]
[TimeControl "180+2"]
[EndTime "17:37:49 PDT"]
[Termination "Indianlad won by resignation"]

1. e4 c5 2. c3 d5 3. exd5 Nf6 4. Qa4+ Nbd7 5. c4 a6 6. Nc3 b5 7. Qb3 bxc4 8. Bxc4 Rb8 9. Qc2 Ne5 10. d3 g6 11. Nge2 Bg7 12. O-O O-O 13. Bf4 Nh5 14. Be3 Ng4 15. h3 Nxe3 16. fxe3 Nf6 17. Rab1 Nd7 18.
Rfd1 Ne5 19. Bb3 Qd6 20. Ne4 Qd8 21. Nxc5 Bh6 22. Qd2 Bxh3 23. d4 Qb6 24. Na4 Qa7 25. Nf4 Bg4 26. Rf1 Nd7 27. Rbc1 Nf6 28.
Nc5 Bf5 29. Nfd3 Rbd8 30. Qe2 Bg4 31. Qf2 Nxd5 32. Rce1 Bg7 33. e4 Nb4 34. e5 Nxd3 35.
Nxd3 Bf5 36. Nc5 e6 37. Rd1 h5 38. Qe3 a5 39. a4 Rb8 40. Bc4 Rfd8 41. b3 Rbc8 42.
Rfe1 Kh7 43. Ne4 Bxe4 44. Qxe4 Rd7 45. Rd2 Rcd8 46. Red1 Qb6 47. Kh1 Kg8 48. Kg1 Bf8 49.
Kh1 Kg7 50. Rd3 Kg8 51. R3d2 Qb8 52. Rd3 Bg7 53. Rf1 Qb4 54. Rdf3 Rxd4 55. Qc6 Rh4+ 56. Kg1 Bxe5 57. g3 Bd4+ 58. Kg2 Qd2+ 59. R1f2 Bxf2 60. gxh4 Bxh4+ 61. Kh3 Qg5 62. Bxe6 fxe6 63. Qxe6+ Kh8 64. Kh2 Rd2+ 65. Kh3 Qg2+ 66. Kxh4 Rd4+ 0-1

[Event "*** Titled Tuesday 3|2 Blitz"]
[Site "Chess.com"]
[Date "2016.07.05"]
[Round "3"]
[White "underdogchss"]
[Black "GeorgMeier"]
[Result "0-1"]
[WhiteElo "2355"]
[BlackElo "2655"]
[TimeControl "180+2"]
[EndTime "17:37:59 PDT"]
[Termination "GeorgMeier won by resignation"]

1. d4 e6 2. Nf3 Nf6 3. c4 d5 4. Nc3 Be7 5. Bg5 h6 6. Bh4 O-O 7. e3 b6 8. Bd3 Bb7 9. O-O Nbd7 10. Qe2 c5 11. Rfd1 Rc8 12. cxd5 Nxd5 13. Bg3 Nxc3 14. bxc3 Nf6 15. dxc5 Qe8 16. cxb6 axb6 17. Bb5 Bc6 18. Ba6 Bxf3 19. Qxf3 Rxc3 20. a4 Rc5 21. Qb7 Nd5 22. Bb5 Qc8 23. Qxc8 Rfxc8 24. Bf1 Bf6 25. Ra3 h5 26. h3 g6 27. Rb3 Kg7 28. e4 Nc3 29. Re1 Bd4 30. Rxb6 Nxa4 31. Rb7 Be5 32. Bxe5+ Rxe5 33. f3 Rec5 34. Ra1 Nc3 35. Raa7 Rf8 36. Kh2 h4 37. Rc7 Rxc7 38. Rxc7 Na4 39. e5 Nb6 40. g4 Nd5 41. Rd7 g5 42. Rb7 Rc8 43. Bd3 Nf4 44.
Rb3 Rc5 45. Be4 Rxe5 46. Rb2 Rc5 47. Rc2 Ra5 48. Rd2 Kf6 49. Rb2 Ke5 50. Rd2 Ra1 51. Rb2 Kd4 52. Rb4+ Kc3 53. Rb7 Ra2+ 54. Kh1 Kd2 55.
Rxf7 Ke3 56. Rb7 Nxh3 57. Rb3+ Kf4 58. Bb7 Nf2+ 59. Kg1 Rd2 60. Rb4+ Kg3 61. Rb1 Nh3+ 62. Kf1 Nf4 63. Kg1 h3 64. Kh1 Kh4 65. Ba6 Rf2 66.
Rb8 Rxf3 67. Rb2 Kxg4 68. Kh2 Kh4 69. Bc8 g4 0-1

[Event "*** Titled Tuesday 3|2 Blitz"]
[Site "Chess.com"]
[Date "2016.07.05"]
[Round "3"]
[White "MinhGTrAn"]
[Black "Danhy"]
[Result "0-1"]
[WhiteElo "2663"]
[BlackElo "2411"]
[TimeControl "180+2"]
[EndTime "17:40:36 PDT"]
[Termination "Danhy won by resignation"]

1. d4 Nf6 2. c4 g6 3. Nc3 d5 4.
Bg5 Ne4 5. Bh4 Nxc3 6. bxc3 dxc4 7. e3 b5 8. a4 Ba6 9. axb5 Bxb5 10. Bxc4 Bxc4 11.
Qa4+ Qd7 12. Qxc4 Qc6 13. Qxc6+ Nxc6 14. Nf3 Bg7 15. Ra6 Kd7 16. Kd2 Rhb8 17. Kc2 Rb6 18. Rha1 Rab8 19. R6a2 Rb5 20. Bg3 a5 21. Nd2 e5 22.
Nc4 exd4 23. exd4 Re8 24. Kd3 Ra8 25. Ne3 Rab8 26. Kc4 Rb3 27. Nd5 R3b7 28. Nf4 Re8 29. Nd3 Bf8 30. Ne5+ Nxe5+ 31. Bxe5 Ra8 32. Rxa5 Rxa5 33.
Rxa5 Rb2 34. Bg3 Bd6 35. Rb5 Rd2 36. Bh4 h6 37. Rb8 f5 38. Rd8+ Kc6 39. f3 g5 40.
Bg3 f4 41. Be1 Re2 42. d5+ Kb7 43. Rh8 Rxe1 44. Rxh6 Rg1 45. Rg6 Rxg2 46. h4 g4 47. Rxg4 Rg3 48. h5 Rxf3 49. Rh4 Re3 50. h6 Re8 51. h7 Rh8 52. Kd4 Kc8 53. c4 Kd7 54. c5 Be7 55. Rh6 Ke8 56. d6 cxd6 57. cxd6 Bf8 58. Rf6 Rxh7 59. Rxf4 Bxd6 60. Rf5 Kd7 61. Rg5 Rh4+ 62. Kd5 Rh7 63. Rf5 Re7 64. Rg5 Re1 65. Rg7+ Be7 66. Rh7 Rd1+ 67. Ke5 Rd2 68. Rh6 Re2+ 69.
Kd5 Rd2+ 70. Ke5 Bd6+ 71. Ke4 Kc6 72. Rh5 Re2+ 73. Kd4 Rc2 74. Rh6 Rc1 75. Rg6 Re1 76.
Rh6 Rg1 77. Rf6 Rg4+ 78. Ke3 Kd5 79. Rf7 Rg3+ 80. Rf3 Rg2 81. Rf1 Be5 82. Rd1+ Ke6 83. Rd8 Rg3+ 84. Ke4 Rg4+ 85. Ke3 Ra4 86. Re8+ Kd5 87.
Rd8+ Bd6 88. Kf3 Rf4+ 89. Ke3 Rg4 90. Kf3 Rg3+ 91. Kf2 Ra3 92. Ke2 Rb3 93. Kf2 Ke5 94. Ke2 Bc5 95. Re8+ Kd5 96. Rd8+ Ke4 97. Re8+ Kf4 98.
Rf8+ Bxf8 0-1

[Event "*** Titled Tuesday 3|2 Blitz"]
[Site "Chess.com"]
[Date "2016.07.05"]
[Round "3"]
[White "dretch"]
[Black "Sanan_Sjugirov"]
[Result "1/2-1/2"]
[WhiteElo "2633"]
[BlackElo "2662"]
[TimeControl "180+2"]
[EndTime "17:40:45 PDT"]
[Termination "Game drawn - insufficient material"]

1. d4 Nf6 2. c4 e6 3. Nc3 Bb4 4. Qc2 d5 5. cxd5 exd5 6. Bg5 O-O 7.
e3 h6 8. Bh4 Be6 9. Bd3 Nbd7 10. Ne2 c5 11. O-O c4 12. Bh7+ Kh8 13. Bf5 Qe8 14.
Bxe6 Qxe6 15. Nf4 Qc6 16. Bxf6 Nxf6 17. Qf5 Bxc3 18. bxc3 Rad8 19. f3 Rfe8 20. Rfe1 b5 21. a4 a6 22. axb5 axb5 23. Ra7 Kg8 24. Kf2 Ra8 25.
Rea1 Rxa7 26. Rxa7 Qb6 27. Ra2 Qd6 28. Rb2 Qa3 29. Qc2 Qe7 30. Qc1 Qd7 31. Qb1 Qe7 32.
Re2 Rb8 33. Rb2 Re8 34. Qc1 Rb8 35. Qb1 Re8 36. Qc1 Qa3 37. Ne2 Qa6 38. Ng3 Rb8 39. Qb1 Qa5 40. Ne2 Qa6 41. Ra2 Qe6 42. Rb2 Re8 43. Qc1 Qd7 44. Nf4 g6 45. Qb1 Qe7 46. Qc1 Rb8 47. Qb1 Re8 48. Qc1 Qd7 49. Qb1 Rb8 50. Qc1 Kg7 51. Qb1 Qc6 52. Qc1 Qd6 53. Qb1 g5 54. Ne2 Qxh2 55. Rxb5 Qh4+ 56. Kf1 Rxb5 57.
Qxb5 g4 58. Qb8 gxf3 59. gxf3 Qh1+ 60. Kf2 Qh4+ 61. Kf1 Qh1+ 62. Kf2 Qh4+ 63. Kg2 Qg5+ 64. Qg3 Nh5 65. Qg4 f5 66. Qxg5+ hxg5 67. Kf2 Kg6 68. Nc1 Nf6 69. Na2 Kf7 70. Nb4 Ke6 71. Nc6 Kd6 72. Ne5 Ke6 73. Kg3 Nh5+ 74. Kf2 Nf6 75. Kg2 g4 76. Kg3 gxf3 77. Nxf3 Ne4+ 78. Kf4 Nxc3 79. Ng5+ Kf6 80. Nh7+ Kg7 81. Ng5 Kg6 82. Ne6 Kf6 83. Nc7 Ke7 84. Kxf5 Kd6 85. Na6 Ne4 86. Nb4 c3 87. Nc2 Nd2 88. Kf4 Kc6 89. Ke5 Nc4+ 90. Ke6 Nb6 91. e4 dxe4 92. Ke5 Kb5 93. Kxe4 Kc4 94.
Ne3+ Kb3 95. Kd3 Kb4 96. d5 Nxd5 97. Nxd5+ Kc5 98. Nxc3 1/2-1/2

[Event "*** Titled Tuesday 3|2 Blitz"]
[Site "Chess.com"]
[Date "2016.07.05"]
[Round "4"]
[White "akinov-akinseye"]
[Black "simplerXiao"]
[Result "1-0"]
[WhiteElo "1904"]
[BlackElo "2288"]
[TimeControl "180+2"]
[EndTime "17:45:17 PDT"]
[Termination "akinov-akinseye won by resignation"]

1. e4 g6 2. d4 Bg7 3. Be3 c6 4.
Nc3 d5 5. e5 h5 6. Qd2 Nh6 7.
O-O-O Nf5 8. Bg5 b5 9. f3 h4 10. Bd3 Qa5 11. Bxf5 Bxf5 12. Kb1 b4 13. Nce2 Nd7 14.
g4 Be6 15. h3 Nb6 16. b3 f6 17.
exf6 exf6 18. Nf4 Bf7 19. Re1+ Kd7 20. Bxh4 Rxh4 21. Nge2 Re8 22. Ng3 Rhh8 23. Nd3 Kc7 24. Qf4+ Kb7 25. Nc5+ Ka8 26. Qc7 Rb8 27. Qxc6+ 1-0

[Event "*** Titled Tuesday 3|2 Blitz"]
[Site "Chess.com"]
[Date "2016.07.05"]
[Round "4"]
[White "jcibarra"]
[Black "Superfelix"]
[Result "1-0"]
[WhiteElo "2663"]
[BlackElo "2341"]
[TimeControl "180+2"]
[EndTime "17:46:06 PDT"]
[Termination "jcibarra won by resignation"]

1. e4 c6 2. d4 d5 3. e5 c5 4. dxc5 Nc6 5. a3 Nxe5 6. b4 Nf6 7. Bb2 Ned7 8. Nf3 g6 9. Nc3 e6 10. Nb5 a6 11. Nd6+ Bxd6 12. cxd6 Qb6 13. c4 Qxd6 14. cxd5 e5 15. Bc4 b5 16. Bb3 O-O 17. O-O Bb7 18. Re1 Rfe8 19. Qd2 Rad8 20. Rad1 e4 21. Ng5 Ng4 22.
g3 Nde5 23. Qf4 h6 24. Nxe4 Qf8 25. Bxe5 Nxe5 26. Nf6+ Kg7 27. Nxe8+ 1-0

[Event "*** Titled Tuesday 3|2 Blitz"]
[Site "Chess.com"]
[Date "2016.07.05"]
[Round "4"]
[White "oskariot"]
[Black "Semetey"]
[Result "1-0"]
[WhiteElo "2290"]
[BlackElo "2427"]
[TimeControl "180+2"]
[EndTime "17:46:18 PDT"]
[Termination "oskariot won by resignation"]

1. e4 c5 2. Nf3 e6 3. d4 cxd4 4. Nxd4 a6 5. c4 Nf6 6. Nc3 Qc7 7. Be2 b6 8. Be3 Bb7 9. f3 Nc6 10. Rc1 Bd6 11. Nd5 exd5 12. cxd5 Bxh2 13. Nf5 O-O 14. d6 Bxd6 15. Qxd6 Rac8 16. Qxc7 Rxc7 17. Bxb6 Rcc8 18. Nd6 Rb8 19. Bc7 Ba8 20. Bxb8 Rxb8 21. b3 g6 22. Bxa6 Kg7 23. Bb5 Ne5 24. a4 Bc6 25. Rc5 Rb6 26. Rxe5 1-0

[Event "*** Titled Tuesday 3|2 Blitz"]
[Site "Chess.com"]
[Date "2016.07.05"]
[Round "4"]
[White "FairChess_on_YouTube"]
[Black "Zenzo"]
[Result "1-0"]
[WhiteElo "2733"]
[BlackElo "2373"]
[TimeControl "180+2"]
[EndTime "17:46:38 PDT"]
[Termination "FairChess_on_YouTube won by resignation"]

1. e4 e5 2. Nf3 Nc6 3. Bb5 a6 4. Bxc6 dxc6 5. O-O Bg4 6. h3 Bh5 7. d3 f6 8. Be3 c5 9. Nbd2 Bd6 10. c3 Ne7 11. Qb3 b6 12. Rac1 Bf7 13. Qc2 O-O 14. Rfd1 Ng6 15. d4 cxd4 16. cxd4 exd4 17. Nxd4 c5 18. Nf5 Be5 19. Nf3 Qb8 20. Nxe5 Qxe5 21. Rd6 Rab8 22. Rcd1 Rfe8 23. f3 Be6 24. Bc1 Bxf5 25. exf5 Nh4 26. Qc4+ 1-0

[Event "*** Titled Tuesday 3|2 Blitz"]
[Site "Chess.com"]
[Date "2016.07.05"]
[Round "4"]
[White "Evgeny_Levin"]
[Black "GianmarcoVaR"]
[Result "0-1"]
[WhiteElo "2613"]
[BlackElo "2413"]
[TimeControl "180+2"]
[EndTime "17:47:20 PDT"]
[Termination "GianmarcoVaR won by resignation"]

1. d4 Nf6 2. Nf3 e6 3. Bg5 c5 4.
c3 b6 5. e4 h6 6. Bxf6 Qxf6 7.
e5 Qd8 8. Nbd2 Bb7 9. Bd3 d6 10. dxc5 dxc5 11. Qe2 Qc7 12. O-O Nc6 13. Rad1 Be7 14.
Nc4 O-O-O 15. a4 Rd7 16. Na3 Rhd8 17. Nb5 Qb8 18. h3 Qa8 19. Be4 a6 20. Rxd7 Rxd7 21. Nd6+ Bxd6 22. exd6 Rxd6 23. Nd2 Rd7 24. Nc4 Qa7 25.
Rd1 Nb8 26. Nd6+ Rxd6 27. Rxd6 Bxe4 28. Qxe4 Qc7 29. Qd5 exd5 0-1

[Event "*** Titled Tuesday 3|2 Blitz"]
[Site "Chess.com"]
[Date "2016.07.05"]
[Round "4"]
[White "WanderingPuppet"]
[Black "chessking2151"]
[Result "1-0"]
[WhiteElo "2285"]
[BlackElo "2329"]
[TimeControl "180+2"]
[EndTime "17:48:11 PDT"]
[Termination "WanderingPuppet won by resignation"]

1. e4 e5 2. Nf3 Nc6 3. Bb5 f5 4. d4 fxe4 5. Nxe5 Nxe5 6. dxe5 c6 7. Bc4 Qa5+ 8. Nc3 Qxe5 9. Bxg8 Rxg8 10. O-O d5 11. f3 Bd6 12. g3 Bh3 13. Re1 Bc5+ 14.
Kh1 O-O-O 15. Bf4 Qe7 16. fxe4 Bf2 17. Qh5 Bd7 18. Re2 Bd4 19. exd5 Qc5 20. Ne4 Qxd5 21. Qxd5 cxd5 22. Nd6+ Kc7 23. Nb5+ Kb6 24. Nxd4 Rde8 25. Rae1 Rxe2 26. Rxe2 Rc8 27. Re7 Bg4 28. Kg2 Rc4 29.
c3 h5 30. h3 Bc8 31. a3 g6 32.
Be5 a5 33. Ne2 Re4 34. Bd4+ Kc6 35. Rxe4 dxe4 36. h4 Kd5 37. Kf2 Bf5 38. b3 a4 39.
bxa4 Kc4 40. Ke3 Kb3 41. Bc5 Kxa4 42. Bb4 b5 43. Nd4 Bg4 44. Kxe4 Bh3 45. Ke5 Bf1 46. Kf6 Bd3 47. Ne6 Be4 48. Nf4 1-0

[Event "*** Titled Tuesday 3|2 Blitz"]
[Site "Chess.com"]
[Date "2016.07.05"]
[Round "4"]
[White "FearlessKing64"]
[Black "destroyer305"]
[Result "0-1"]
[WhiteElo "2110"]
[BlackElo "2206"]
[TimeControl "180+2"]
[EndTime "17:48:53 PDT"]
[Termination "destroyer305 won by resignation"]

1. e4 c5 2. Nf3 d6 3. d4 cxd4 4. Nxd4 Nf6 5. f3 g6 6. c4 Nc6 7.
Be3 Bg7 8. Qd2 O-O 9. Nc3 Nxd4 10. Bxd4 Be6 11. Rc1 a5 12. b3 Nd7 13. Be3 Nc5 14. Nb5 a4 15. b4 Na6 16. a3 Rc8 17. Be2 Bd7 18. O-O Nc7 19. Bb6 Bxb5 20. cxb5 Qd7 21.
Qd1 Bb2 22. Rxc7 Rxc7 23. Bxc7 Qxc7 24. Qxa4 Qb6+ 25. Kh1 Qe3 26. Bc4 Rc8 27. Bd5 Rc3 28.
Bxb7 Rxa3 29. Qc2 Be5 30. Qc1 Qe2 31. Rg1 Ra2 32. Bc6 Bd4 33. h3 Bxg1 34. Qxg1 Qb2 35.
Kh2 Qe5+ 36. Kh1 Ra1 0-1

[Event "*** Titled Tuesday 3|2 Blitz"]
[Site "Chess.com"]
[Date "2016.07.05"]
[Round "4"]
[White "dawtonlms"]
[Black "rithwik2002"]
[Result "1-0"]
[WhiteElo "2169"]
[BlackElo "1986"]
[TimeControl "180+2"]
[EndTime "17:49:05 PDT"]
[Termination "dawtonlms won by resignation"]

1. e4 e5 2. Nf3 Nc6 3. Bb5 a6 4. Ba4 Nf6 5. Qe2 b5 6. Bb3 Be7 7. c3 d5 8. exd5 Nxd5 9. Nxe5 Nxe5 10. Qxe5 Nf6 11. d4 O-O 12. O-O Bd6 13. Qg5 Re8 14. h3 h6 15. Qh4 Be6 16. Nd2 Qd7 17. f4 Bxb3 18. axb3 c5 19. Nf3 cxd4 20. cxd4 Rad8 21. Ne5 Qb7 22. f5 Bxe5 23. dxe5 Rxe5 24. Bxh6 Rdd5 25. Bxg7 Qb6+ 26. Kh1 Kxg7 27. Qg5+ Kf8 28. Rac1 Qd6 29. Rc8+ Re8 30. Qh6+ Ke7 31. Re1+ Re5 32. Rec1 Rxc8 33. Rxc8 Nd7 34. Qh4+ Qf6 35. Qb4+ Qd6 36. Re8+ Kxe8 37. Qxd6 Rxf5 38. Qxa6 1-0

[Event "*** Titled Tuesday 3|2 Blitz"]
[Site "Chess.com"]
[Date "2016.07.05"]
[Round "4"]
[White "LaStreetCmaMaison"]
[Black "EltajSafarli"]
[Result "0-1"]
[WhiteElo "2487"]
[BlackElo "2805"]
[TimeControl "180+2"]
[EndTime "17:49:08 PDT"]
[Termination "EltajSafarli won by resignation"]

1. b3 Nf6 2. Bb2 g6 3. Nf3 Bg7 4. g3 O-O 5. Bg2 c5 6. O-O Nc6 7. c4 d6 8. d4 Ne4 9. Nbd2 f5 10. e3 Qa5 11. Nxe4 fxe4 12. Nd2 cxd4 13. exd4 Nxd4 14. Nxe4 Nf3+ 15. Bxf3 Bxb2 16. Rb1 Bg7 17. Qe2 Bh3 18.
Rfe1 Rae8 19. Bg4 Bxg4 20. Qxg4 Qxa2 21. Kh1 Kh8 22. Qe6 Qc2 23. h4 Qd3 24. Kg1 Bd4 25.
Rbd1 Bxf2+ 26. Kh2 Qxb3 27. Rf1 Bb6 28. Rxf8+ Rxf8 29. Qxe7 Qb2+ 30. Kh3 Qg7 31. Qxd6 h6 32. c5 Bc7 33.
Qd7 Rd8 34. Qxg7+ Kxg7 35. Ra1 Rd4 36. Nd6 Bxd6 37. cxd6 a6 38. Rc1 Kf6 39. Rc7 b5 40. d7 Ke7 41. Rc6 a5 42. Rc5 Rb4 43. Rd5 Kd8 44. Rd6 a4 45. g4 a3 46. Rd1 Rb3+ 47. Kg2 a2 48. Ra1 Ra3 49. g5 hxg5 50. h5 gxh5 0-1